AoeStats
← MATOSKO

Arena

509959905Analyzed
3v3 RM · 4d ago on Sep 28, 2026· 25m 58s· 6 players
Game mode
Random Map
Map size
Normal (6 player)
Population
200
Speed
Normal
Resources
Standard
Victory
Conquest
Starting age
Dark Age
Ending age
Imperial Age
RankedLock teamsTeams togetherTeam positionsShared explorationLock speedFull tech treeHidden civsTurbo modeCheats
Victory
Defeat
🇨🇭 Hindustanis · Switzerland
1297
+13
🇸🇰 Varangians · Slovakia
1285
+14
🇦🇷 Malay · Argentina
1276
+14
🇺🇸 Spanish · United States
1267
-14
🇺🇾 Huns · Uruguay
1236
-14
🇦🇷 Goths · Argentina
1222
-13
MATOSKO
7:24 Loom
10:50 Feudal Age
11:52 Town Watch
16:19 Castle Age
15:14 Horse Collar
16:16 Double-Bit Axe
23:16 Squires
25:15 Arson
25:36 Scale Mail Armor
25:46 Forging
U 99
11:26 Feudal Age
12:40 Loom
15:16 Castle Age
16:54 Double-Bit Axe
19:48 Horse Collar
24:34 Husbandry
26:24 Wheelbarrow
26:08 Gold Mining
NASPI
8:09 Feudal Age
6:50 Loom
8:29 Town Watch
9:36 Double-Bit Axe
15:00 Horse Collar
16:42 Fletching
23:06 Castle Age
24:25 Bow Saw
25:30 Heavy Plow
kendizzle555
4:32 Loom
8:36 Loom
10:59 Feudal Age
12:39 Fletching
19:11 Castle Age
17:10 Double-Bit Axe
martin_ch09
10:13 Feudal Age
8:52 Loom
15:51 Castle Age
14:13 Scale Barding Armor
14:47 Double-Bit Axe
14:43 Horse Collar
16:20 Wheelbarrow
18:59 Hand Cart
25:57 Gold Mining
Weafol
11:02 Feudal Age
14:57 Castle Age
13:16 Loom
15:44 Double-Bit Axe
15:40 Horse Collar
16:25 Gold Mining
Connection lost

Rejoining the realm…

Still unreachable

The connection could not be restored.

Session expired

The server has moved on; the page needs a fresh start.